 Dungeon Crawl Stone Soup version 0.31.0-12-g77e489cdc1 (webtiles) character file.

Game seed: 10284097159201289686

35 Norrock the Cudgeller (level 3, 0/37 HPs)
             Began as an Oni Reaver on Feb 12, 2024.
             Succumbed to an adder's poison
             ... on level 2 of the Dungeon.
             The game lasted 00:10:10 (849 turns).

Norrock the Cudgeller (Oni Reaver)                   Turns: 849, Time: 00:10:11

Health: 0/37       AC:  3    Str: 16    XL:     3   Next: 33%
Magic:  4/7        EV:  9    Int: 16    God:
Gold:   126        SH:  0    Dex:  7    Spells: 4/7 levels left

rFire   . . .        a - +0 mace
rCold   . . .        (no shield)
rNeg    . . .        b - +0 robe
rPois   .            (helmet restricted)
rElec   .            (no cloak)
rCorr   .            (gloves unavailable)
SInv    .            (boots unavailable)
Will    .....        (no amulet)
Stlth   +            (no ring)
HPRegen 0.26/turn    (no ring)
MPRegen 0.10/turn

%: no passive effects
@: lethally poisoned (0 -> -12)
A: large, unfitting armour, horns 1, tough skin 1, double potion healing,
drunken brawling
a: no special abilities


You were on level 2 of the Dungeon.
You visited 1 branch of the dungeon, and saw 2 of its levels.

You collected 126 gold pieces.

Inventory:

Hand Weapons
 a - a +0 mace (weapon)
Missiles
 d - 5 boomerangs (quivered)
Armour
 b - a +0 robe (worn)
Scrolls
 c - a scroll of blinking {unknown}
 e - a scroll of vulnerability {unknown}


   Skills:
 - Level 3.1 Fighting
 + Level 3.3 Maces & Flails
 - Level 1.7 Dodging
 + Level 2.9 Spellcasting
 + Level 3.2 Conjurations
 + Level 0.2 Translocations


You had 4 spell levels left.
You knew the following spells:

 Your Spells              Type           Power      Damage    Failure   Level
a - Kiss of Death         Conj/Necr      28%        2d7       10%         1
b - Momentum Strike       Conj/Tloc      14%        3d8       14%         2

Your spell library contained the following spells:

 Spells                   Type           Power      Damage    Failure   Level
 Hailstorm                Conj/Ice       7%         3d5       28%         3


Dungeon Overview and Level Annotations

Branches:
Dungeon (2/15)

Altars:

Shops:
D:1 [


Innate Abilities, Weirdness & Mutations

You are too large for most types of armour.
You have a pair of small horns on your head.
You have tough skin. (AC +1)
You gain doubled healing and magic from potions.
Whenever you drink a healing potion, you attack all around you.


Message History

The adder is heavily wounded.
You feel sick. The adder barely misses you. The adder bites you.
The adder barely misses you.
You hit the adder.
The adder is almost dead.
You feel sick.
The adder bites you but does no damage. x2
The adder bites you.
You are more poisoned.
The adder poisons you! The adder bites you but does no damage.
You miss the adder.
The adder is almost dead.
You feel very sick. The adder closely misses you. The adder bites you.
* * * LOW HITPOINT WARNING * * *
You are lethally poisoned!
The adder poisons you!
A goblin comes into view. It is wielding a +0 dagger.
You hit the adder.
You kill the adder!
* * * LOW HITPOINT WARNING * * *
You feel very sick. The adder bites you but does no damage.
The adder bites you.
* * * LOW HITPOINT WARNING * * *
You are more poisoned.
The adder poisons you!
You aren't carrying any potions.
Throw: 5 boomerangs
Press: ? - help, Q - select action, (/) - cycle Shift-Dir - straight line, f - adder
Aim: an adder (22% to hit)
Okay, then.
Casting: Momentum Strike (safe; 14% risk of failure)
Confirm with . or Enter, or press ? or * to list all spells.
Okay, then.
Casting: Momentum Strike (safe; 14% risk of failure)
Confirm with . or Enter, or press ? or * to list all spells.
Aiming: Momentum Strike (safe; 14% risk of failure)
Press: ? - help, Dir - move target, f - adder
Aim: an adder (48% to hit)
The concentrated momentum misses the adder.
You die...

$....... ####.##..# ####
#..>....####...#.
##.##.............
#.................
#<............(...
#†.##.......[.....
.........##....S........
.........#......@.#...#
.......###.####...# ###
....... ... #...#
.......#### ..).#
....... #.$..# ......#
...### g...# ....##


You could see an adder and a goblin.

Vanquished Creatures
  An adder (D:2)
  2 ball pythons (D:1)
  3 endoplasms (D:1)
  2 giant cockroaches
  4 goblins
  2 hobgoblins (D:1)
  3 quokkas (D:1)
  2 bats
  2 frilled lizards (D:1)
  A kobold (D:1)
  A rat (D:1)
23 creatures vanquished.

Notes
Turn   | Place    | Note
-------+----------+-------------------------------------------
     0 | D:1      | Norrock the Oni Reaver began the quest for the Orb.
     0 | D:1      | Reached XP level 1. HP: 22/22 MP: 3/3
   206 | D:1      | Reached XP level 2. HP: 29/29 MP: 5/5
   558 | D:1      | Found Akeogic's Armour Shoppe.
   739 | D:2      | Found a faded altar of an unknown god.
   751 | D:1      | Reached XP level 3. HP: 35/37 MP: 7/7
   754 | D:1      | Learned a level 2 spell: Momentum Strike
   849 | D:2      | Succumbed to an adder's poison

Illustrated notes

Levels and vault maps discovered:
D:1:      elethiomel_arrival_maze, layout_basic, serial_shops,
          nicolae_lakefront_shop, minivault_14
D:2:      layout_rooms, ebering_ecumenical_altar_abandoned, basic_altar

Skill      XL: |  1  2 |
---------------+-------+-----
Fighting       | 3 |  3.1
Conjurations   | 3 |  3.2
Maces & Flails | |  3.3
Dodging        | |  1.7
Spellcasting   | |  2.9
Translocations | |  0.2

Action                     || total
---------------------------++-------
  Melee: Mace              ||    62
         Headbutt          ||     4
  Throw: Boomerang         ||     4
   Cast: Momentum Strike   ||     1
    Use: Scroll            ||     1
   Stab: Sleeping          ||     1
 Armour: Robe              ||    50
  Dodge: Dodged            ||    28
